 Dungeon Crawl Stone Soup version 0.28-a0-1435-g82390b3a13 (webtiles) character file.

Game seed: 8741935679940052583

991 gimp the Carver (level 7, -2/64 HPs)
             Began as a Minotaur Gladiator on Jan 9, 2022.
             Slain by a hobgoblin (7 damage)
             ... on level 6 of the Dungeon.
             The game lasted 00:10:17 (6427 turns).

gimp the Carver (Minotaur Gladiator)                Turns: 6427, Time: 00:10:18

Health: -2/64      AC: 12    Str: 20    XL:     7   Next: 98%
Magic:  6/6        EV:  8    Int:  5    God:
Gold:   283        SH:  0    Dex: 12    Spells: 6/6 levels left

rFire   . . .      SeeInvis .   a - +0 long sword
rCold   . . .      Faith    .   (no shield)
rNeg    + . .      Spirit   .   g - +0 chain mail
rPois   .          Reflect  .   c - +0 hat
rElec   .          Harm     .   (no cloak)
rCorr   .          Rampage  .   (no gloves)
Will    .....                   (no boots)
Stlth   ..........              o - amulet of the acrobat
HPRegen 0.20/turn               m - ring of positive energy
MPRegen 0.10/turn               u - +4 ring of protection

@: confused, attractive
A: horns 2, retaliatory headbutt
a: no special abilities


You were on level 6 of the Dungeon.
You visited 2 branches of the dungeon, and saw 7 of its levels.

You collected 283 gold pieces.

Inventory:

Hand Weapons
 a - a +0 long sword (weapon)
 b - a +0 great sword
Missiles
 d - 3 throwing nets (quivered)
 j - 3 javelins
 t - 20 poisoned darts
Armour
 c - a +0 hat (worn)
 g - a +0 chain mail (worn)
 n - a +0 leather armour
Jewellery
 m - a ring of positive energy (left hand)
 o - an amulet of the acrobat (around neck)
 q - an amulet of faith
 u - a +4 ring of protection (right hand)
 w - a ring of poison resistance
Wands
 s - a wand of iceblast (19)
 y - a wand of flame (9)
Scrolls
 e - 3 scrolls of teleportation {unknown}
 h - 2 scrolls of identify {unknown}
 i - a scroll of vulnerability {unknown}
 k - a scroll of blinking {unknown}
 r - a scroll of amnesia {unknown}
 v - a scroll of noise {unknown}
 z - a scroll of immolation {unknown}
Potions
 f - 2 potions of attraction
 l - a potion of heal wounds
 p - a potion of haste {unknown}
 x - a potion of lignification {unknown}
 A - a potion of curing {unknown}
 B - a potion of degeneration {unknown}


   Skills:
 + Level 6.7 Fighting
 * Level 9.8 Long Blades
 - Level 2.0 Throwing
 - Level 3.2 Dodging


You had 6 spell levels left.
You didn't know any spells.
Your spell library contained the following spells:

 Spells                   Type           Power      Damage    Failure   Level
 Summon Small Mammal      Summ           0%         N/A       100%        1
 Summon Lightning Spire   Summ/Air       0%         N/A       100%        4
 Summon Forest            Summ/Tloc      0%         N/A       100%        5
 Death Channel            Necr           0%         N/A       100%        6
 Storm Form               Tmut/Air       0%         N/A       100%        7
 Borgnjor's Revivificati  Necr           0%         N/A       100%        8
 Maxwell's Capacitive Co  Air            0%         ∞         100%        8


Dungeon Overview and Level Annotations

Branches:
Dungeon (6/15)             Temple (1/1) D:5

Altars:
Dithmenos
Elyvilon
Fedhas
Hepliaklqana
Kikubaaqudgha
Nemelex Xobeh
Qazlal
Sif Muna
Trog
Vehumet
Wu Jian
Xom
Yredelemnul
Zin
The Shining One

Annotations:
D:3 Edmund
D:6 Sigmund


Innate Abilities, Weirdness & Mutations

You have a pair of horns on your head.
You reflexively headbutt those who attack you in melee.


Message History

Something hits you but does no damage.
You hear some strange, mumbled words.
A puff of flame appears from out of thin air!
The puff of flame hits you.
* * * LOW HITPOINT WARNING * * *
The hobgoblin hits you but does no damage.
Sigmund zaps a wand.
Some rock shatters into small pieces.
The hobgoblin is attracted toward you. x2; Sigmund is attracted toward you.
You take 8 damage, and have 10/64 hp.
It was a potion of heal wounds.
You feel much better. The hobgoblin barely misses you.
The hobgoblin hits you with a +0 scythe!
Something hits you but does no damage. x2; The hobgoblin barely misses you.
You regained 13 hp, and now have 23/64 hp.
Unknown command.
Unknown command.
Press: ? - help, v - describe, . - travel, g - get item
Items here: a +0 club; a +0 dagger.
The floor, spattered with blood.
Unknown command.
You slash something!
The hobgoblin hits you but does no damage.
The hobgoblin hits you with a +0 scythe.
* * * LOW HITPOINT WARNING * * *
Something hits you but does no damage. x2; The hobgoblin barely misses you.
Sigmund barely misses you.
You take 5 damage, and have 18/64 hp.
You completely miss something. Your headbutt misses something.
The hobgoblin hits you from afar with a +0 scythe.
* * * LOW HITPOINT WARNING * * *
The hobgoblin hits you with a +0 scythe.
* * * LOW HITPOINT WARNING * * *
You hear some strange, mumbled words.
A puff of flame appears from out of thin air!
The puff of flame hits you.
* * * LOW HITPOINT WARNING * * *
Something hits you.
* * * LOW HITPOINT WARNING * * *
The hobgoblin hits you from afar with a +0 scythe!
You die...

... ###..####
...#.:.....##
..#........#
.........?#
.........##
#§........#
g@g......#
#g{.....##
#@{.......
#<####.###
###


You could see Sigmund and 3 hobgoblins.

Vanquished Creatures
  A black bear (D:4)
  An ice beast (D:5)
  An ogre (D:5)
  A centaur (D:4)
  A gnoll sergeant (D:5)
  A scorpion (D:6)
  A wyvern skeleton (D:5)
  A howler monkey (D:5)
  A bullfrog zombie (D:5)
  A centaur zombie (D:3)
  An orc priest (D:5)
  A hound (D:5)
  2 iguanas
  Jessica (D:2)
  2 hound skeletons (D:5)
  4 gnolls
  3 adders
  9 dart slugs
  15 orcs
  10 ball pythons
  4 endoplasms
  4 giant cockroaches
  11 goblins
  8 hobgoblins
  6 jackals
  7 kobolds
  4 quokkas
  4 bats
  6 frilled lizards
  6 rats
118 creatures vanquished.

Notes
Turn   | Place    | Note
-------+----------+-------------------------------------------
     0 | D:1      | gimp the Minotaur Gladiator began the quest for the Orb.
     0 | D:1      | Reached XP level 1. HP: 18/18 MP: 0/0
   177 | D:1      | Reached skill level 4 in Long Blades
   236 | D:1      | Reached XP level 2. HP: 22/25 MP: 1/1
  1033 | D:2      | Reached XP level 3. HP: 18/31 MP: 2/2
  1326 | D:2      | Noticed Jessica
  1332 | D:2      | Reached skill level 5 in Long Blades
  1344 | D:2      | Killed Jessica
  1345 | D:2      | Reached XP level 4. HP: 26/39 MP: 3/3
  1551 | D:2      | Found a stormy altar of Qazlal.
  1923 | D:3      | Reached skill level 6 in Long Blades
  2037 | D:3      | Reached XP level 5. HP: 43/46 MP: 4/4
  2395 | D:3      | Found a glowing golden altar of the Shining One.
  2722 | D:3      | Found a faded altar of an unknown god.
  2726 | D:3      | Found a bloodstained altar of Trog.
  3201 | D:4      | Noticed a black bear
  3210 | D:4      | Killed a black bear
  3211 | D:4      | Reached skill level 7 in Long Blades
  3211 | D:4      | Reached XP level 6. HP: 31/53 MP: 5/5
  3450 | D:4      | Noticed Edmund
  4066 | D:4      | Got the Grimoire of Creative Necromancy
  4178 | D:4      | Reached skill level 5 in Fighting
  4457 | D:5      | Entered Level 5 of the Dungeon
  4573 | D:5      | Found a hazy altar of Hepliaklqana.
  4697 | D:5      | Found a staircase to the Ecumenical Temple.
  4708 | D:5      | Reached skill level 8 in Long Blades
  4724 | Temple   | Entered the Ecumenical Temple
  4987 | D:5      | Noticed an ice beast
  4994 | D:5      | Killed an ice beast
  4995 | D:5      | Reached XP level 7. HP: 49/61 MP: 6/6
  5405 | D:5      | Reached skill level 9 in Long Blades
  6421 | D:6      | Noticed Sigmund
  6427 | D:6      | Slain by a hobgoblin

Illustrated notes

Levels and vault maps discovered:
D:1:      kilobyte_arrival_exit_the_forest, layout_loops_ring
D:2:      layout_rooms, basic_altar, minivault_11, uniq_jessica
D:3:      layout_basic, nicolae_overflow_ecumenical_swirl,
          nicolae_tso_carved_into_rock, saegor_snake_ambush
D:4:      kennysheep_slugbush, layout_loops_corners, uniq_edmund
D:5:      layout_basic, mainiacjoe_overflow_boulevard, minmay_temple_entry_glass
D:6:      layout_basic, hangedman_abyss_or_decor_stagger, sigmund_army
Temple:   minmay_temple_curvy_loop

Skill      XL: |  1  2  3  4  5  6  7 |
---------------+----------------------+-----
Long Blades    | 4 5 6 7 8 9 |  9.8
Fighting       | 3 4 5 6 |  6.7
Throwing       | |  2.0
Dodging        | |  3.2

Action                   |  1- 3 |  4- 6 |  7- 9 || total
-------------------------+-------+-------+-------++-------
Melee: Long sword        |    82 |   122 |    82 ||   286
       Headbutt          |     7 |    27 |    17 ||    51
       Punch             |     1 |       |     2 ||     3
       Great sword       |       |     6 |       ||     6
  Use: Potion            |       |       |     2 ||     2
Armor: Leather armour    |     2 |       |       ||     2
       Chain mail        |    42 |    96 |    42 ||   180
Dodge: Dodged            |    41 |    73 |    55 ||   169

Table legend: (Time is in decaauts)
 A = Elapsed time spent in this place.
 B = Non-inter-level travel time spent in this place.
 C = Inter-level travel time spent in this place.
 D = Time resting spent in this place.
 E = Time spent auto-exploring this place.
 F = Levels seen in this place.
 G = Mean time per level.
                   A        B        C        D        E       F      G
               +--------+--------+--------+--------+--------+-----+--------+
         Total |   6502 |   6050 |    452 |    558 |   4361 |   7 |  928.9 |
       Dungeon |   6290 |   5859 |    431 |    558 |   4175 |   6 | 1048.3 |
        Temple |    211 |    190 |     21 |      0 |    186 |   1 |  211.0 |
               +--------+--------+--------+--------+--------+-----+--------+

Top non-repeatable levels by time:
     D:3: 1700 daAuts
     D:5: 1530 daAuts
     D:4: 1072 daAuts
     D:1: 1032 daAuts
     D:2: 728 daAuts
     D:6: 226 daAuts
  Temple: 211 daAuts
